 Dungeon Crawl Stone Soup version 0.29-a0-214-g17f627cfee (webtiles) character file.

Game seed: 4511405556470183812

14 fragbeetle the Bolt Thrower (level 2, -2/17 HPs)
             Began as a Tengu Hunter on Feb 25, 2022.
             Slain by Sigmund
             ... wielding a +0 scythe
              (13 damage)
             ... on level 2 of the Dungeon.
             The game lasted 00:00:33 (890 turns).

fragbeetle the Bolt Thrower (Tengu Hunter)           Turns: 890, Time: 00:00:33

Health: -2/17      AC:  3    Str: 12    XL:     2   Next: 45%
Magic:  3/3        EV: 12    Int: 11    God:
Gold:   16         SH:  0    Dex: 14    Spells: 1/1 levels left

rFire   . . .      SeeInvis .   a - +1 hand crossbow
rCold   . . .      Faith    .   (no shield)
rNeg    . . .      Spirit   .   b - +0 leather armour
rPois   .          Reflect  .   (helmet restricted)
rElec   .          Harm     .   (no cloak)
rCorr   .          Rampage  .   (no gloves)
Will    .....                   (boots unavailable)
Stlth   +.........              (no amulet)
HPRegen 0.05/turn               (no ring)
MPRegen 0.08/turn               (no ring)

@: no status effects
A: beak, talons 3
a: no special abilities


You were on level 2 of the Dungeon.
You visited 1 branch of the dungeon, and saw 2 of its levels.

You collected 16 gold pieces.

Inventory:

Hand Weapons
 a - a +1 hand crossbow (weapon)
Missiles
 c - a throwing net
Armour
 b - a +0 leather armour (worn)
Scrolls
 d - 2 scrolls of enchant weapon {unknown}
Potions
 e - a potion of cancellation {unknown}
 f - a potion of flight {unknown}
 g - a potion of curing {unknown}


   Skills:
 - Level 2.0 Fighting
 + Level 5.1 Crossbows
 - Level 2.1 Dodging
 - Level 1.0 Stealth


You had one spell level left.
You didn't know any spells.
Your spell library contained the following spells:

 Spells                   Type           Power      Damage    Failure   Level
 Animate Armour           Summ/Erth      0%         N/A       99%         4
 Blade Hands              Tmut           0%         N/A       100%        5
 Iron Shot                Conj/Erth      0%         9d1       100%        6


Dungeon Overview and Level Annotations

Branches:
Dungeon (2/15)

Altars:

Annotations:
D:2 Sigmund


Innate Abilities, Weirdness & Mutations

You have a beak for a mouth.
You have claws for feet.


Message History

A rat comes into view.
An endoplasm comes into view.
There are monsters nearby!
You shoot a bolt. The endoplasm quivers.
The bolt hits the rat.
You kill the rat!
You shoot a bolt. The bolt barely misses the endoplasm.
You shoot a bolt. The bolt hits the endoplasm.
The endoplasm is heavily wounded.
You shoot a bolt. The bolt barely misses the endoplasm.
The endoplasm hits you but does no damage.
You shoot a bolt. The bolt hits the endoplasm.
You kill the endoplasm!
No target in view!
No target in view!
A kobold comes into view. It is wielding a +0 whip.
A kobold is nearby!
A kobold is nearby!
A kobold is nearby!
You shoot a bolt. The bolt completely misses the kobold.
The kobold shouts!
Sigmund the Dreaded comes into view.
He is wielding a +0 scythe.
You shoot a bolt. The bolt hits Sigmund!
Sigmund is moderately wounded.
Sigmund casts a spell at you. You resist with significant effort.
You shoot a bolt. The bolt hits the kobold.
The kobold is severely wounded.
Sigmund mumbles some strange words.
Sigmund flickers and vanishes!
Deactivating autopickup; reactivate with Ctrl-A.
You shoot a bolt. The bolt completely misses the kobold.
You shoot a bolt. The bolt closely misses the kobold.
You shoot a bolt.
The bolt hits the kobold but does no damage.
The kobold is severely wounded.
The kobold hits you with a +0 whip. x2
You shoot a bolt. The bolt closely misses the kobold.
Something hits you!
Ouch! That really hurt!
You die...

..............##.........# #
........####..##.........# #
.>..)...## #..##.........# .
.........# #..##............
...♣....>###..##.........#..
..♣P..##...#..##............
#..♣.. ###....##...........#
#..P♣. ##......... ##....
##..@....... ## .
##..##K...... #..## .......
#.## ....... #.# #...... #.#
.....# #.# ...... #.# ......
#..


You could see a kobold.

Vanquished Creatures
  A bat (D:1)
  4 endoplasms
  2 giant cockroaches
  A goblin (D:2)
  A hobgoblin (D:2)
  A quokka (D:2)
  A rat (D:2)
11 creatures vanquished.

Notes
Turn   | Place    | Note
-------+----------+-------------------------------------------
     0 | D:1      | fragbeetle the Tengu Hunter began the quest for the Orb.
     0 | D:1      | Reached XP level 1. HP: 12/12 MP: 2/2
    47 | D:1      | Found a faded altar of an unknown god.
   499 | D:1      | Reached XP level 2. HP: 17/17 MP: 3/3
   802 | D:2      | Reached skill level 5 in Crossbows
   884 | D:2      | Noticed Sigmund
   890 | D:2      | Slain by Sigmund

Illustrated notes

Levels and vault maps discovered:
D:1:      mainiacjoe_arrival_reflecting_pool, layout_loops_ring,
          ebering_ecumenical_altar_ruins
D:2:      layout_rooms, basic_altar, serial_park_tiny_2, uniq_sigmund

Skill      XL: |  1  2 |
---------------+-------+-----
Crossbows      | 5 |  5.1
Fighting       | |  2.0
Dodging        | |  2.1
Stealth        | |  1.0

Action                   || total
-------------------------++-------
 Fire: Hand crossbow     ||    38
Armor: Leather armour    ||     3
Dodge: Dodged            ||     4

Table legend: (Time is in decaauts)
 A = Elapsed time spent in this place.
 B = Non-inter-level travel time spent in this place.
 C = Inter-level travel time spent in this place.
 D = Time resting spent in this place.
 E = Time spent auto-exploring this place.
 F = Levels seen in this place.
 G = Mean time per level.
                   A        B        C        D        E       F      G
               +--------+--------+--------+--------+--------+-----+--------+
         Total |    901 |    882 |     19 |      0 |    804 |   2 |  450.5 |
       Dungeon |    901 |    882 |     19 |      0 |    804 |   2 |  450.5 |
               +--------+--------+--------+--------+--------+-----+--------+

Top non-repeatable levels by time:
     D:1: 752 daAuts
     D:2: 148 daAuts
